 Dungeon Crawl Stone Soup version 0.21.0-24-g2553a33 (webtiles) character file.

193 Monsterracer the Slasher (level 5, 0/41 HPs)
             Began as a Vampire Abyssal Knight on Jan 20, 2018.
             Was a Priest of Lugonu.
             Slain by Crazy Yiuf
             ... wielding a +4 quarterstaff of chaos
              (5 damage)
             ... on level 2 of the Dungeon.
             The game lasted 00:02:45 (2165 turns).

Monsterracer the Slasher (Vampire Abyssal Knight)   Turns: 2165, Time: 00:02:45

Health: 0/41       AC:  6    Str: 11    XL:     5   Next: 43%
Magic:  5/6        EV: 12    Int: 14    God:    Lugonu [***...]
Gold:   70         SH:  0    Dex: 15    Spells: 4/4 levels left

rFire    . . .     SeeInvis +   a - +1 falchion
rCold    . . .     Gourm    .   (no shield)
rNeg     . . .     Faith    .   b - +0 leather armour
rPois    .         Spirit   .   k - +2 helmet
rElec    .         Reflect  .   (no cloak)
rCorr    .         Harm     .   (no gloves)
MR       .....                  (no boots)
Stlth    +.........             (no amulet)
HPRegen  0.33/turn              (no ring)
MPRegen  0.10/turn              (no ring)

@: regenerating quickly
A: fangs 3, see invisible, unbreathing
a: Depart the Abyss, Bend Space, Banish, Renounce Religion


You were on level 2 of the Dungeon.
You worshipped Lugonu.
Lugonu was most pleased with you.
You were full.

You visited 1 branch of the dungeon, and saw 3 of its levels.
You visited the Abyss 1 time.

You collected 70 gold pieces.

Inventory:

Hand Weapons
 a - a +1 falchion (weapon)
Armour
 b - a +0 leather armour (worn)
 k - a +2 helmet (worn)
Scrolls
 g - a scroll of remove curse {unknown}
 h - a scroll of amnesia {unknown}
 l - a scroll of enchant armour {unknown}
 m - a scroll of magic mapping {unknown}
 n - 2 scrolls of identify {unknown}
Potions
 d - 13 potions of blood
 e - a potion of flight {unknown}
 f - a potion of lignification {unknown}
 i - 2 potions of curing
 j - a potion of agility {unknown}


   Skills:
 + Level 3.5 Fighting
 * Level 5.1 Long Blades
 - Level 0.7 Armour
 + Level 2.3 Dodging
 - Level 1.5 Invocations


You had 4 spell levels left.
You didn't know any spells.

Dungeon Overview and Level Annotations

Branches:
Dungeon (3/15)

Altars:

Annotations:
D:2 Crazy Yiuf


Innate Abilities, Weirdness & Mutations

Your natural rate of healing is unusually fast.
You have razor-sharp teeth.
You have supernaturally acute eyesight. (SInv)
You can survive without breathing.


Message History

There isn't anything to bottle or butcher here.
You start resting.
You feel a strong urge to attack something.
You start resting.
You feel your anger nearly subside.
You start resting.
You are no longer berserk.
You are exhausted.
You feel yourself slow down.
You now have 10/41 hp.
You start resting.
You feel yourself speed up.
You regained 15 hp, and now have 25/41 hp.
You start resting.
You recover from your berserk rage.
You regained 4 hp, and now have 29/41 hp.
Unknown command.
Things that are here:
an enchanted hand axe; an orc corpse Search for what [? for help]?
Okay, then.
(D) Dungeon
Where to? (Enter - D:2 @ (x,y), ? - help)
What level of the Dungeon? (default 1, ? - help)
There is a stone staircase leading up here.
You climb upwards.
There is a stone staircase leading down here.
You regained 5 hp, and now have 35/41 hp.
HP restored.
There is an open door here.
Health restored: 41 You hit the fungus.
You bite the fungus.
The fungus is lightly damaged.
You hit the fungus. You bite the fungus.
The fungus is moderately damaged.
You hit the fungus.
The fungus is heavily damaged.
You hit the fungus. You bite the fungus.
The fungus is heavily damaged.
You hit the fungus but do no damage.
The fungus is heavily damaged.
You hit the fungus.
The fungus is severely damaged.
You hit the fungus but do no damage. You bite the fungus.
The fungus is severely damaged.
You hit the fungus.
The fungus is almost destroyed.
You hit the fungus. You bite the fungus.
The fungus is almost destroyed.
You hit the fungus. You bite the fungus.
You destroy the fungus!
Found a runed door.
You open the door.
Crazy Yiuf the Enlightened comes into view.
He is wielding a quarterstaff of chaos.
Crazy Yiuf shouts!
Found a runed mace.
There is an open door here.
You closely miss Crazy Yiuf.
Crazy Yiuf hits you with a quarterstaff of chaos.
You take 3 damage, and have 38/41 hp.
You hit Crazy Yiuf.
Crazy Yiuf is moderately wounded.
Crazy Yiuf yells, "Whiteboard!
Announcement pizzabubble childish."
Crazy Yiuf hits you with a quarterstaff of chaos!
You take 9 damage, and have 29/41 hp.
MASSIVE DAMAGE!!
You hit Crazy Yiuf.
Crazy Yiuf is heavily wounded.
Crazy Yiuf hits you with a quarterstaff of chaos!
Crazy Yiuf freezes you.
* * * LOW HITPOINT WARNING * * *
You take 9 damage, and have 20/41 hp.
MASSIVE DAMAGE!!
You hit Crazy Yiuf.
Crazy Yiuf is severely wounded.
Crazy Yiuf drinks a potion.
Crazy Yiuf is healed!
You barely miss Crazy Yiuf. You bite Crazy Yiuf.
Crazy Yiuf is moderately wounded.
Crazy Yiuf completely misses you.
You closely miss Crazy Yiuf.
Crazy Yiuf is moderately wounded.
Crazy Yiuf cries, "Walk chair wrapper!"
Crazy Yiuf hits you with a quarterstaff of chaos.
* * * LOW HITPOINT WARNING * * *
You feel your power leaking away.
You take 2 damage, and have 19/41 hp.
You now have 5/6 mp.
You hit Crazy Yiuf but do no damage. You bite Crazy Yiuf, but do no damage.
Crazy Yiuf is moderately wounded.
Crazy Yiuf hits you with a quarterstaff of chaos!
* * * LOW HITPOINT WARNING * * *
Crazy Yiuf freezes you.
* * * LOW HITPOINT WARNING * * *
You take 9 damage, and have 10/41 hp.
MASSIVE DAMAGE!!
You hit Crazy Yiuf.
Crazy Yiuf is severely wounded.
Crazy Yiuf barely misses you.
You hit Crazy Yiuf.
Crazy Yiuf is severely wounded.
Crazy Yiuf hits you with a quarterstaff of chaos.
* * * LOW HITPOINT WARNING * * *
You convulse.
You die...

#.###.....#.######.#
#.##.###.#
..##......#.# #.#
#.(......#
#####...###.# #.#
###...#### ##.## ###
### ##.###.## #.#
#.## ##.# #.# #.#
#.# ##'##♣♣ ####
#.## ##.# ##...#P♣♣
♣♣#..)# ##.###.##
##.....PP♣♣♣♣.@g..#
##...###
##.......♣.♣..♣#...#
##.##.##
##......#P.♣.♣♣♣
#### #####.#...#
.'.....##♣♣♣♣♣
#.......... ##.....#
#####.#...#
##....### #### ###
#.##.## ##.....#
#..# #.# #.####
##...## #..# #.# #.#
##'## #..###.# #.#


You could see Crazy Yiuf.

Vanquished Creatures
  An orc wizard (D:3)
  7 gnolls
  2 adders (D:2)
  4 oozes
  2 worms (D:2)
  A dart slug (D:1)
  3 orcs (D:3)
  9 bats
  2 giant cockroaches
  3 goblins (D:1)
  6 hobgoblins
  7 jackals (D:2)
  A ball python (D:1)
  2 frilled lizards
  6 kobolds
  6 rats
  A fungus (D:2)
63 creatures vanquished.

Notes
Turn   | Place    | Note
-------+----------+-------------------------------------------
     0 | Abyss:1  | Monsterracer the Vampire Abyssal Knight began the quest for the Orb.
     0 | Abyss:1  | Reached XP level 1. HP: 17/17 MP: 2/2
     8 | D:1      | Escaped the Abyss
    86 | D:1      | Reached XP level 2. HP: 23/23 MP: 3/3
   189 | D:1      | Reached skill level 3 in Long Blades
   502 | D:1      | Reached ** piety under Lugonu
   502 | D:1      | Reached XP level 3. HP: 28/28 MP: 4/4
   892 | D:1      | Reached skill level 4 in Long Blades
   902 | D:2      | HP: 11/28 [gnoll/spear (5)]
   903 | D:2      | Reached XP level 4. HP: 14/35 MP: 5/5
  1876 | D:2      | Reached XP level 5. HP: 37/41 MP: 6/6
  1883 | D:2      | HP: 20/41 [gnoll/flail (6)]
  2023 | D:3      | HP: 20/41 [orc wizard/puff of flame (8)]
  2027 | D:3      | HP: 8/41 [orc/hand axe (2)]
  2030 | D:3      | Reached skill level 5 in Long Blades
  2033 | D:3      | Reached *** piety under Lugonu
  2151 | D:2      | Found a runed door.
  2155 | D:2      | Noticed Crazy Yiuf
  2159 | D:2      | HP: 20/41 [Crazy Yiuf/quarterstaff of chaos (1)]
  2165 | D:2      | HP: 5/41 [Crazy Yiuf/quarterstaff of chaos (6)]
  2165 | D:2      | Slain by Crazy Yiuf

Skill      XL: |  1  2  3  4  5 |
---------------+----------------+-----
Long Blades    | 3 4 5 |  5.1
Fighting       | 3 |  3.5
Armour         | |  0.7
Dodging        | |  2.3
Invocations    | |  1.5

Action                   |  1- 3 |  4- 6 || total
-------------------------+-------+-------++-------
Melee: Falchion          |    83 |   126 ||   209
       Bite              |     7 |    17 ||    24
  Use: Potion            |     9 |     6 ||    15
 Stab: Sleeping          |     1 |     1 ||     2
Armor: Leather armour    |    13 |    43 ||    56
Dodge: Dodged            |    72 |    69 ||   141
       Rpst.: Falchion   |    21 |    25 ||    46

Vault maps used:
D:1:      lordsloth_arrival_two_stooges, minivault_19
D:2:      first_ration, minmay_misc_feat_ornament, uniq_crazy_yiuf_cottage
D:3:      serial_curves, eino_curves_03, eino_curves_04, eino_curves_03,
          uniq_terence
Abyss:1:  patterned_corridor
